 Dungeon Crawl Stone Soup version 0.21-a0-434-g806c6c2 (webtiles) character file.

114 tof the Slasher (level 4, 0/40 HPs)
             Began as a Hill Orc Monk on Nov 8, 2017.
             Slain by Robin
             ... wielding a +0 dagger
              (4 damage)
             ... on level 2 of the Dungeon.
             The game lasted 00:03:31 (2635 turns).

tof the Slasher (Hill Orc Monk)                     Turns: 2635, Time: 00:03:32

Health: 0/40       AC:  3    Str: 13    XL:     4   Next: 98%
Magic:  5/5        EV: 13    Int: 10    God:
Gold:   107        SH:  0    Dex: 14    Spells: 5/5 levels left

rFire    . . .     SeeInvis .   a - +0 falchion
rCold    . . .     Gourm    .   (no shield)
rNeg     . . .     Faith    .   b - +0 robe
rPois    .         Spirit   .   p - +0 helmet
rElec    .         Reflect  .   (no cloak)
rCorr    .         Harm     .   (no gloves)
MR       .....                  (no boots)
Stlth    ++........             o - amulet of rage
HPRegen  0.13/turn              (no ring)
MPRegen  0.09/turn              (no ring)

@: no status effects
A: no striking features
a: Evoke Berserk Rage


You were on level 2 of the Dungeon.
You were near starving.

You visited 1 branch of the dungeon, and saw 3 of its levels.

You collected 107 gold pieces.

Inventory:

Hand Weapons
 a - a +0 falchion (weapon)
Armour
 b - a +0 robe (worn)
 p - a +0 helmet (worn)
Jewellery
 g - an uncursed amulet of regeneration
 o - an amulet of rage (around neck)
Scrolls
 d - a scroll of enchant armour {unknown}
 e - a scroll of fog {unknown}
 f - 3 scrolls of identify {unknown}
 i - 2 scrolls of remove curse {unknown}
 k - a scroll of magic mapping {unknown}
 m - a scroll of amnesia {unknown}
 n - a scroll of random uselessness {unknown}
 r - a scroll of enchant weapon {unknown}
Potions
 j - a potion of haste {unknown}
 q - a potion of berserk rage {unknown}
 s - 2 potions of curing {unknown}
Comestibles
 c - a bread ration
 h - 2 royal jellies
 l - 4 fruits


   Skills:
 + Level 4.2 Fighting
 * Level 4.3 Long Blades
 + Level 1.6 Armour
 + Level 2.9 Dodging
 - Level 1.5 Stealth
 + Level 1.0 Spellcasting


You had 5 spell levels left.
You didn't know any spells.

Dungeon Overview and Level Annotations

Branches:
Dungeon (3/15)

Altars:

Annotations:
D:2 Robin


Message History

* * * LOW HITPOINT WARNING * * *
You hit Robin but do no damage.
Robin is heavily wounded.
Robin hits you with a dagger.
* * * LOW HITPOINT WARNING * * *
Robin misses you.
You barely miss Robin.
Robin is heavily wounded.
Robin hits you with a dagger.
* * * LOW HITPOINT WARNING * * *
You hit Robin.
Robin is severely wounded.
Robin closely misses you.
You hit Robin but do no damage.
Robin is heavily wounded.
Robin hits you but does no damage.
You hit Robin.
Robin is almost dead.
Robin hits you with a dagger.
You die...

######### #.......#
#####.......######
#@g.........+.....
#####+###.......##.###
#......##.....).##..#
#......##.......###.#
#......##.......###.##
#......'...#'#####...#
#......###.#.##....#.#
#####.## #.#.##.##.#..
#.# #.#.....#.##'


You could see Robin.

Vanquished Creatures
  Jessica (D:2)
  2 adders (D:2)
  2 dart slugs (D:1)
  5 leopard geckos
  An orc (D:2)
  A ball python (D:1)
  6 bats
  3 giant cockroaches
  13 goblins
  4 hobgoblins
  5 jackals
  7 kobolds
  4 frilled lizards
  3 rats (D:1)
57 creatures vanquished.

Vanquished Creatures (others)
  A draconian (D:1)
  A vine stalker (D:1)
  An elf (D:1)
  A troll (D:1)
  4 formicids (D:1)
  2 spriggans (D:1)
  2 nagas (D:1)
  An ogre (D:1)
  2 centaurs (D:1)
  5 tentacles (D:1)
20 creatures vanquished.

Grand Total: 77 creatures vanquished

Notes
Turn   | Place    | Note
-------+----------+-------------------------------------------
     0 | D:1      | tof the Hill Orc Monk began the quest for the Orb.
     0 | D:1      | Reached XP level 1. HP: 19/19 MP: 1/1
     3 | D:1      | Noticed an ogre
     3 | D:1      | Noticed a centaur
     3 | D:1      | Noticed a formicid
     3 | D:1      | Noticed a spriggan
     3 | D:1      | Noticed a formicid
     3 | D:1      | Noticed a formicid
     3 | D:1      | Noticed a spriggan
     3 | D:1      | Noticed a vine stalker
     3 | D:1      | Noticed a centaur
     3 | D:1      | Noticed a naga
     3 | D:1      | Noticed a kraken
     3 | D:1      | Noticed a naga
     3 | D:1      | Noticed an elf
     3 | D:1      | Noticed a draconian
     3 | D:1      | Noticed a troll
     3 | D:1      | Noticed a formicid
     3 | D:1      | Killed a naga
     5 | D:1      | Killed a draconian
     9 | D:1      | Killed a spriggan
    11 | D:1      | Killed a formicid
    11 | D:1      | Killed a centaur
    12 | D:1      | Killed a naga
    12 | D:1      | Killed a spriggan
    13 | D:1      | Killed a vine stalker
    14 | D:1      | Killed a formicid
    14 | D:1      | Killed a troll
    15 | D:1      | Killed an elf
    15 | D:1      | Killed a centaur
    16 | D:1      | Killed an ogre
    17 | D:1      | Killed a formicid
    19 | D:1      | Killed a formicid
   318 | D:1      | Reached XP level 2. HP: 22/27 MP: 2/2
   790 | D:1      | Reached XP level 3. HP: 20/33 MP: 3/3
  1500 | D:2      | Reached skill level 1 in Armour
  2030 | D:2      | Reached XP level 4. HP: 28/40 MP: 5/5
  2452 | D:2      | Noticed Jessica
  2465 | D:2      | Killed Jessica
  2465 | D:2      | Reached skill level 1 in Spellcasting
  2594 | D:3      | Noticed Robin
  2635 | D:2      | Slain by Robin

Vault maps used:
D:1:      nicolae_arrival_kraken_aquarium_b, columned_hall_lemuel,
          minmay_misc_feat_plants, minmay_misc_feat_five, minmay_domino_4
D:2:      uniq_jessica
D:3:      lemuel_doored_altar, tgw_sif, first_bread, kennysheep_generic_room_7,
          uniq_robin

Skill      XL: |  1  2  3  4 |
---------------+-------------+-----
Fighting       | 4 |  4.2
Armour         | 1 |  1.6
Long Blades    | 4 |  4.3
Spellcasting   | 1 |  1.0
Dodging        | |  2.9
Stealth        | |  1.5

Action                   |  1- 3 |  4- 6 || total
-------------------------+-------+-------++-------
Melee: Falchion          |   118 |    51 ||   169
 Stab: Sleeping          |     4 |     3 ||     7
  Eat: Chunk             |     4 |       ||     4
Armor: Robe              |    26 |     6 ||    32
Dodge: Dodged            |   105 |    51 ||   156
       Rpst.: Falchion   |    35 |    18 ||    53

Table legend:
 A = Spawn XP
 B = Non-spawn XP
 C = Spawn XP percentage of total XP
 D = Spawn monster count
 E = Non-spawn monster count
 F = Spawn count percentage of total count
 G = Total turns spent on level
                    A         B        C        D         E        F      G
               +---------+---------+-------+---------+---------+-------+---------
         Total |       0 |     164 |   0.0 |       0 |      57 |   0.0 |  2635
               +---------+---------+-------+---------+---------+-------+---------
           D:1 |       0 |      47 |   0.0 |       0 |      25 |   0.0 |  1490
           D:2 |       0 |     106 |   0.0 |       0 |      25 |   0.0 |  1107
           D:3 |       0 |      11 |   0.0 |       0 |       7 |   0.0 |    38
               +---------+---------+-------+---------+---------+-------+---------
